 Dungeon Crawl Stone Soup version 0.27.0-1-g7a089689b8 (webtiles) character file.

Game seed: 1082089605842795682

12 hofbold the Ducker (level 2, -1/25 HPs)
             Began as a Djinni Monk on Aug 2, 2021.
             Slain by a ball python (2 damage)
             ... on level 1 of the Dungeon.
             The game lasted 00:01:41 (343 turns).

hofbold the Ducker (Djinni Monk)                     Turns: 343, Time: 00:01:42

Health: -1/25      AC:  2    Str:  7 (10) XL:     2   Next: 45%
Gold:   34         EV: 10    Int: 10 (11) God:
                   SH:  0    Dex: 13 (15)

rFire    + + .     SeeInvis .   a - +0 spear
rCold    x . .     Faith    .   (no shield)
rNeg     . . .     Spirit   .   b - +0 robe
rPois    ∞         Reflect  .   (no helmet)
rElec    .         Harm     .   (no cloak)
rCorr    .         Rampage  .   (no gloves)
Will     .....                  (boots unavailable)
Stlth    ++........             (no amulet)
HPRegen  0.08/turn              (no ring)
MPRegen  0.00/turn              (no ring)

@: flying, constricted
A: sickness immunity, fire resistance 2, cold vulnerability 1, float, innate
caster, hp casting, extra vitality 1
a: no special abilities


You were on level 1 of the Dungeon.
You visited 1 branch of the dungeon, and saw 1 of its levels.

You collected 34 gold pieces.

Inventory:

Hand Weapons
 a - a +0 spear (weapon)
Missiles
 c - 25 stones (quivered)
Armour
 b - a +0 robe (worn)


   Skills:
 + Level 3.1 Fighting
 + Level 2.5 Polearms
 + Level 0.5 Armour
 + Level 3.4 Dodging
 - Level 1.5 Stealth
 * Level 0.5 Spellcasting


You had 2 spell levels left.
You didn't know any spells.
Your spell library was empty.

Dungeon Overview and Level Annotations

Branches:
Dungeon (1/15)

Altars:


Innate Abilities, Weirdness & Mutations

You are immune to sickness and miasma.
You are immune to poison.
Your flesh is very heat resistant. (rF++)
You are vulnerable to cold. (rC-)
You float through the air rather than walking.
You learn spells naturally, not from books.
Your magical power is your life essence.
You have superior vitality. (+4 HP)


Message History

You kill the jackal!
You hit the ball python but do no damage.
The ball python bites you. The ball python barely misses you.
You hit the ball python but do no damage.
The ball python bites you. The ball python grabs you.
The ball python constricts you. The ball python bites you.
The ball python constricts you.
You closely miss the ball python. The ball python closely misses you.
The ball python constricts you.
You barely miss the ball python. The ball python bites you.
* * * LOW HITPOINT WARNING * * *
The ball python constricts you.
It was a potion of degeneration.
There was something very wrong with that liquid.
You feel weakened.
You feel dopey.
You feel clumsy. The ball python bites you.
* * * LOW HITPOINT WARNING * * *
x2 The ball python constricts you.
You hit the ball python.
The ball python is severely wounded.
The ball python closely misses you. The ball python constricts you.
You closely miss the ball python.
The ball python is severely wounded.
The ball python bites you but does no damage.
The ball python constricts you. The ball python closely misses you.
The ball python constricts you.
You closely miss the ball python.
The ball python is severely wounded.
The ball python bites you.
* * * LOW HITPOINT WARNING * * *
x2 The ball python constricts you.
You barely miss the ball python.
The ball python is severely wounded.
The ball python bites you.
* * * LOW HITPOINT WARNING * * *
The ball python constricts you.
You closely miss the ball python.
The ball python is severely wounded.
The ball python bites you.
You die...

##... #......
#..... +..... .
#.....
..##....### #
".......#8#8#8#..
.......hS@._.....
.
........#8#8#8##.
...
........########
..
+#.............#
# #######.......#
+.......# ....# .
#.......# .....#
..#.....###
#.....# ........#
#.....##+


You could see a jackal and a ball python.

Vanquished Creatures
  A bat (D:1)
  An endoplasm (D:1)
  A giant cockroach (D:1)
  A goblin (D:1)
  3 jackals (D:1)
  A kobold (D:1)
  A quokka (D:1)
9 creatures vanquished.

Notes
Turn   | Place    | Note
-------+----------+-------------------------------------------
     0 | D:1      | hofbold the Djinni Monk began the quest for the Orb.
     0 | D:1      | Reached XP level 1. HP: 20/20 MP: 0/0
   289 | D:1      | Reached XP level 2. HP: 25/25 MP: 0/0
   317 | D:1      | Found a faded altar of an unknown god.
   342 | D:1      | HP: 1/25 [ball python (1)]
   343 | D:1      | Slain by a ball python

Illustrated notes

Levels and vault maps discovered:
D:1:      amcnicky_arrival_double_pillar, layout_basic,
          ebering_ecumenical_altar_hall

Action                   || total
-------------------------++-------
Melee: Spear             ||    38
  Use: Potion            ||     1
Armor: Robe              ||     3
Dodge: Dodged            ||    25
